 Dungeon Crawl Stone Soup version 0.20-a0-548-g4f8a798 (webtiles) character file.

126 Amnesiac the Twirler (level 4, 0/35 HPs)
             Began as a Mummy Gladiator on Feb 1, 2017.
             Slain by an ice beast (3 damage)
             ... on level 5 of the Dungeon.
             The game lasted 00:02:34 (1431 turns).

Amnesiac the Twirler (Mummy Gladiator)              Turns: 1431, Time: 00:02:35

Health: 0/35       AC: 12    Str: 17    XL:     4   Next: 83%
Magic:  4/4        EV:  5    Int:  7    God:
Gold:   24         SH:  0    Dex: 14    Spells: 3/3 levels left

rFire    x . .     SeeInvis .   k - +1 whip (venom)
rCold    + . .     Gourm    .   h - +0 plate armour
rNeg     + + +     Faith    .   (no shield)
rPois    ∞         Spirit   .   c - +0 helmet
rElec    .         Reflect  .   (no cloak)
rCorr    .         Harm     .   j - +0 pair of gloves
MR       .....                  (no boots)
Stlth    ..........             (no amulet)
Regen    0.2/turn               (no ring)
                                (no ring)

@: no status effects
A: no food or potions, fire vulnerability, cold resistance 1, negative energy
resistance 3, torment resistance, unbreathing
a: no special abilities


You were on level 5 of the Dungeon.
You were not hungry.

You visited 1 branch of the dungeon, and saw 5 of its levels.

You collected 24 gold pieces.

Inventory:

Hand Weapons
 a - a +0 quarterstaff
 k - a +1 whip of venom (weapon)
Missiles
 d - a throwing net (quivered)
Armour
 b - a +0 leather armour
 c - a +0 helmet (worn)
 h - a +0 plate armour (worn)
 j - a +0 pair of gloves (worn)
Scrolls
 e - a scroll of fog {unknown}
 f - a scroll of recharging {unknown}
 g - 3 scrolls of remove curse {unknown}
 i - a scroll of identify {unknown}


   Skills:
 + Level 3.2 Fighting
 * Level 4.0 Staves
 - Level 1.5 Throwing
 - Level 2.4 Dodging


You had 3 spell levels left.
You didn't know any spells.

Dungeon Overview and Level Annotations

Branches:
Dungeon (5/15)
 Temple: D:4-7

Altars:

Annotations:
D:2 Grinder


Innate Abilities, Weirdness & Mutations

You do not eat or drink.
Your flesh is vulnerable to fire.
You are immune to poison.
Your flesh is cold resistant. (rC+)
You are immune to negative energy. (rN+++)
You are immune to unholy pain and torment.
You can survive without breathing.


Message History

The orc wizard blinks!
You see here a fuming coppery potion.
There is a stone staircase leading down here.
You hear something mumble some strange prayers to Beogh against you.
Beogh smites you!
* * * LOW HITPOINT WARNING * * *
You climb downwards.
An ice beast and a howler monkey come into view.
The howler monkey howls!
There is a stone staircase leading up here.
The howler monkey hoots and howls with incredible vigour!
A shadow imp comes into view.
Found a stone staircase leading down.
The shadow imp barely misses you.
You enter a teleport trap!
The teleport trap disappears.
Your surroundings suddenly seem different.
The ice beast hits you.
* * * LOW HITPOINT WARNING * * *
The ice beast freezes you. You resist.
You die...

#..# ..#
##..# #...#
#.#.## #....
#...# #..@#
#..Y######..
#.#<.......#
#.##....###
#....##.#
#.h### ..
#####..# .#
#......# #
#.....##


You could see an ice beast.

Vanquished Creatures
  3 orc wizards (D:4)
  An adder (D:4)
  An adder skeleton (D:4)
  6 orcs
  A giant cockroach (D:2)
  3 goblins
  7 jackals
  2 bats (D:1)
  A frilled lizard (D:2)
  2 kobolds
  A rat (D:2)
28 creatures vanquished.

Notes
Turn   | Place    | Note
-------+----------+-------------------------------------------
     0 | D:1      | Amnesiac the Mummy Gladiator began the quest for the Orb.
     0 | D:1      | Reached XP level 1. HP: 16/16 MP: 1/1
   221 | D:2      | Reached XP level 2. HP: 18/22 MP: 2/2
   549 | D:3      | Noticed Grinder
   556 | D:2      | Paralysed by Grinder for 4 turns
   930 | D:4      | Reached skill level 3 in Staves
   930 | D:4      | Reached XP level 3. HP: 3/28 MP: 3/3
  1162 | D:4      | Reached XP level 4. HP: 10/35 MP: 4/4
  1415 | D:4      | Reached skill level 4 in Staves
  1422 | D:5      | Entered Level 5 of the Dungeon
  1422 | D:5      | Noticed an ice beast
  1431 | D:5      | Slain by an ice beast

Vault maps used:
D:1:      saegor_arrival_miasma
D:2:      kb_forest_paths, minmay_misc_feat_more_columns, minmay_misc_feat_tiny
D:3:      grunt_temple_overflow_open, uniq_terence, uniq_grinder
D:4:      temple_green, first_bread
D:5:      kennysheep_mini

Skill      XL: |  1  2  3  4 |
---------------+-------------+-----
Staves         | 3 4 |  4.0
Fighting       | 3 |  3.2
Throwing       | |  1.5
Dodging        | |  2.4

Action                   |  1- 3 |  4- 6 || total
-------------------------+-------+-------++-------
Melee: Quarterstaff      |    86 |       ||    86
       Whip              |    10 |    41 ||    51
Throw: Throwing net      |     4 |       ||     4
Armor: Leather armour    |     6 |       ||     6
       Plate armour      |    21 |    32 ||    53
Dodge: Dodged            |    49 |     7 ||    56
